 Dungeon Crawl Stone Soup version 0.30-a0-304-gdc4b735fe1 (webtiles) character file.

Game seed: 4226976562639940603

28384 LnG the Imperceptible (level 13, -1/74 HPs)
             Began as a Kobold Summoner on Oct 20, 2022.
             Was an Elder of Dithmenos.
             Slain by a vault guard
             ... wielding a +1 bardiche of protection
              (19 damage)
             ... on level 14 of the Dungeon.
             The game lasted 01:10:59 (16329 turns).

LnG the Imperceptible (Kobold Summoner)            Turns: 16329, Time: 01:11:00

Health: -1/74      AC: 10    Str: 10    XL:     13   Next: 73%
Magic:  13/25      EV: 23    Int: 25    God:    Dithmenos [****..]
Gold:   881        SH:  0    Dex: 15    Spells: 15/28 levels left

rFire   . . .      SeeInvis .    r - +4 short sword (venom)
rCold   + + .      Faith    .    (no shield)
rNeg    . . .      Spirit   .    a - +1 robe
rPois   .          Reflect  .    E - +2 helmet
rElec   .          Harm     .    z - +1 cloak
rCorr   .          Rampage  .    c - +1 pair of gloves
Will    +....                    (no boots) Stlth ***+++++++
                                 d - amulet of the acrobat
HPRegen 0.32/turn                C - ring of the Firefly {rC++ Will+ EV+4 Str-2}
MPRegen 0.19/turn                G - ring of Fipluali {Str+6 Int+4}

@: wreathed by umbra
A: small, no large weapons, nightstalker 3
a: Renounce Religion, Shadow Step


You were on level 14 of the Dungeon.
You worshipped Dithmenos.
Dithmenos was greatly pleased with you.
You visited 2 branches of the dungeon, and saw 15 of its levels.

You collected 881 gold pieces.

Inventory:

Hand Weapons
 r - a +4 short sword of venom (weapon)
Missiles
 j - 4 throwing nets
Armour
 a - a +1 robe (worn)
 c - a +1 pair of gloves (worn)
 z - a +1 cloak (worn)
 E - a +2 helmet (worn)
Jewellery
 d - an amulet of the acrobat (around neck)
 p - a +4 ring of protection
 C - the ring of the Firefly (left hand) {rC++ Will+ EV+4 Str-2}
   (You found it on level 8 of the Dungeon)

   [ring of evasion]

   EV:        It affects your evasion (+4).
   Str:       It affects your strength (-2).
   rC:        It greatly protects you from cold.
   Will:      It increases your willpower.
 G - the ring of Fipluali (right hand) {Str+6 Int+4}
   (You found it on level 11 of the Dungeon)

   [ring of strength]

   Str:       It affects your strength (+6).
   Int:       It affects your intelligence (+4).
 L - the ring of Wishful Thinking {*Corrode rN+++ MP+9 Str-2 Dex+6}
   (You found it on level 12 of the Dungeon)

   [ring of dexterity]

   Str:       It affects your strength (-2).
   Dex:       It affects your dexterity (+6).
   rN:        It renders you almost immune to negative energy.
   MP:        It affects your magic capacity (+9).
   *Corrode:  It may corrode you when you take damage.
Wands
 m - a wand of roots (22)
 A - a wand of flame (40)
 B - a wand of polymorph (10)
 D - a wand of quicksilver (8)
 M - a wand of mindburst (2)
Scrolls
 e - 3 scrolls of poison
 f - 4 scrolls of teleportation
 k - 2 scrolls of vulnerability
 o - 4 scrolls of immolation
 w - 5 scrolls of amnesia
 x - 3 scrolls of fog
 y - 2 scrolls of fear
 H - a scroll of noise {unknown}
 I - a scroll of magic mapping
 K - a scroll of summoning {unknown}
Potions
 b - 6 potions of magic
 g - 2 potions of haste
 h - a potion of lignification
 i - a potion of berserk rage {unknown}
 l - a potion of flight {unknown}
 n - 4 potions of brilliance
 s - 2 potions of curing
 t - a potion of mutation {unknown}
 u - a potion of might {unknown}
 v - 3 potions of heal wounds {unknown}
 F - a potion of cancellation {unknown}
 J - a potion of ambrosia {unknown}


   Skills:
 + Level 6.0 Fighting
 + Level 10.3 Short Blades
 + Level 8.4 Dodging
 * Level 21.4 Stealth
 + Level 8.2 Spellcasting
 + Level 8.5 Summonings
 + Level 1.8 Air Magic


You had 15 spell levels left.
You knew the following spells:

 Your Spells              Type           Power      Damage    Failure   Level
a - Summon Small Mammal   Summ           100%       N/A       1%          1
b - Call Imp              Summ           52%        N/A       1%          2
c - Call Canine Familiar  Summ           52%        N/A       1%          3
d - Summon Guardian Gole  Hex/Summ       31%        N/A       3%          3
e - Summon Lightning Spi  Summ/Air       36%        N/A       7%          4

Your spell library contained the following spells:

 Spells                   Type           Power      Damage    Failure   Level
 Shock                    Conj/Air       56%        1d6       4%          1
 Freeze                   Ice            40%        1d6       6%          1
 Sting                    Tmut/Pois      40%        1d5       6%          1
 Poisonous Vapours        Pois/Air       28%        N/A       6%          2
 Swiftness                Air            19%        N/A       9%          3
 Frozen Ramparts          Ice            20%        1d4       19%         3
 Hailstorm                Conj/Ice       10%        3d5       19%         3
 Ozocubu's Armour         Ice            10%        N/A       19%         3
 Airstrike                Air            9%         2d(2-18)  26%         4
 Olgreb's Toxic Radiance  Pois           10%        N/A       52%         4
 Freezing Cloud           Conj/Ice/Air   6%         6-21      77%         5
 Conjure Ball Lightning   Conj/Air       7%         3x3d6     99%         6
 Simulacrum               Ice/Necr       5%         N/A       100%        6
 Malign Gateway           Summ/Tloc      15%        N/A       100%        7
 Ozocubu's Refrigeration  Ice            5%         4d8       100%        7
 Discord                  Hex            5%         N/A       100%        8
 Disjunction              Tloc           5%         N/A       100%        8
 Summon Horrible Things   Summ           26%        N/A       100%        8
 Polar Vortex             Ice            5%         N/A       100%        9


Dungeon Overview and Level Annotations

Branches:
Dungeon (14/15)            Temple (1/1) D:7            Lair (0/5) D:8
    Orc (0/2) D:10
 Vaults: D:13-14

Altars:
Ashenzari
Cheibriados
Dithmenos
Elyvilon
Fedhas
Gozag
Hepliaklqana
Kikubaaqudgha
Makhleb
Nemelex Xobeh
Okawaru
Qazlal
Ru
Sif Muna
Trog
Uskayaw
Vehumet
Wu Jian
Xom
Yredelemnul
Zin
The Shining One

Shops:
D:9 [   D:11 :

Annotations:
D:8 Amaemon
D:12 1 runed translucent door, CertainDeath's ghost, journeyman MiMo; Fannar


Innate Abilities, Weirdness & Mutations

You are small and have problems with some larger weapons.
You are completely attuned to the shadows.


Message History

Your wolf bites the vault guard but does no damage.
You closely miss the vault guard.
The vault guard is heavily wounded.
Your shadow imp hits the vault guard but does no damage.
The vault guard misses you.
You closely miss the vault guard.
The vault guard is moderately wounded.
Your wolf bites the vault guard but does no damage.
You hit the vault guard.
The vault guard looks as sick as possible!
You punch the vault guard, but do no damage.
The vault guard is heavily wounded.
Your wolf bites the vault guard but does no damage.
Your shadow imp closely misses the vault guard.
The vault guard hits your wolf with a +1 bardiche of protection.
You hit the vault guard but do no damage.
The vault guard looks as sick as possible!
The vault guard is heavily wounded.
Your wolf bites the vault guard!
You barely miss the vault guard.
The vault guard is severely wounded.
Your wolf closely misses the vault guard.
Your shadow imp completely misses the vault guard.
The vault guard completely misses you.
You hit the vault guard but do no damage.
The vault guard looks as sick as possible!
The vault guard is severely wounded.
Your wolf bites the vault guard but does no damage.
You barely miss the vault guard.
The vault guard is severely wounded.
Your shadow imp misses the vault guard.
The vault guard hits you with a +1 bardiche of protection!!
* * * LOW HITPOINT WARNING * * *
You closely miss the vault guard.
The vault guard is severely wounded.
Your wolf closely misses the vault guard.
You feel better.
Your wolf barely misses the vault guard.
The vault guard hits you with a +1 bardiche of protection!!
You die...

.#.....# #.....#.....
##.##'######## #.....#...<.
##.#.........# #.....'.....
...#.........#########.....#.....
!..#..)....................#.....
...#..................######.....
####..................'..........
##.##########.........#..........
.#..........#.5.@.....#...##.....
.#..........'.8ph.....#...##.....
.#..........#.........#...##.....
##..#########...>.....#....'.....
#####.................#....#.^...
....'.................#....#...<.
....#.................#....#.....
....#...(.............#...(#.....
###'#.................##..#####..


You could see a vault guard (extremely poisoned, ally target), a friendly wolf
(summoned), a friendly lightning spire (summoned) and a friendly shadow imp
(summoned).

Vanquished Creatures
  3 hydras
  Erolcha (D:12)
  A boulder beetle (D:13)
  3 centaur warriors
  2 tengu warriors (D:13)
  A two-headed ogre (D:11)
  A fire crab (shapeshifter) (D:13)
  4 deep elf pyromancers
  2 ugly things (D:14)
  4 cyclopes
  3 gargoyles
  3 kobold demonologists
  2 unseen horrors
  A komodo dragon (D:13)
  Psyche (D:11)
  3 trolls
  A hornet (D:7)
  7 slime creatures (D:14)
  A vampire (D:11)
  2 wraiths
  3 wyverns
  16 yaks
  4 vampire mosquitoes (D:14)
  An acid dragon (D:12)
  2 water moccasins
  Edmund (D:4)
  An ice beast (D:7)
  4 orc warriors
  A sky beast (D:7)
  A black bear (D:4)
  An ogre (D:5)
  6 centaurs
  7 kobold brigands
  2 necrophages
  A scorpion (D:5)
  2 bullfrogs
  2 howler monkeys
  6 killer bees
  4 hounds
  8 orc priests
  A gnoll bouda (D:8)
  3 jellies
  An iguana (D:6)
  7 orc wizards
  6 gnolls
  7 adders
  3 white imps
  An ufetubus (D:6)
  A dart slug (D:5)
  44 orcs
  4 bats
  7 endoplasms
  5 giant cockroaches
  4 goblins
  7 hobgoblins
  20 kobolds
  3 quokkas
  2 ball pythons
  2 frilled lizards (D:2)
  5 rats
252 creatures vanquished.

Vanquished Creatures (collateral kills)
  A two-headed ogre (D:14)
  A centaur warrior (D:14)
  Urug (D:12)
  An ugly thing (D:14)
  A cyclops (D:12)
  A kobold demonologist (D:10)
  2 trolls
  3 slime creatures (D:14)
  A wraith (D:10)
  4 yaks
  A water moccasin (D:5)
  2 orc warriors
  3 centaurs (D:14)
  A hound (D:6)
  A jelly (D:6)
  An orc priest (D:10)
  A gnoll bouda (D:7)
  An iguana (D:5)
  An orc wizard (D:11)
  A gnoll (D:7)
  A worm (D:2)
  8 orcs
  2 endoplasms
  A goblin (D:1)
  4 jackals (D:2)
  A ball python (D:1)
  A frilled lizard (D:1)
  10 kobolds
  A rat (D:2)
58 creatures vanquished.

Vanquished Creatures (others)
  2 withered plants (D:12)
2 creatures vanquished.

Grand Total: 312 creatures vanquished

Notes
Turn   | Place    | Note
-------+----------+-------------------------------------------
     0 | D:1      | LnG the Kobold Summoner began the quest for the Orb.
     0 | D:1      | Reached XP level 1. HP: 10/10 MP: 3/3
   309 | D:1      | Reached XP level 2. HP: 5/15 MP: 0/5
   360 | D:1      | Learned a level 2 spell: Call Imp
   986 | D:1      | Reached skill level 3 in Stealth
  1503 | D:2      | Reached XP level 3. HP: 16/19 MP: 3/6
  1507 | D:2      | Learned a level 3 spell: Summon Guardian Golem
  1823 | D:2      | Reached skill level 4 in Stealth
  2203 | D:3      | Reached skill level 1 in Short Blades
  2203 | D:3      | Reached XP level 4. HP: 24/24 MP: 7/7
  2847 | D:4      | You fall into a shaft and drop 2 floors!
  2906 | D:6      | Reached skill level 5 in Stealth
  2983 | D:6      | Reached XP level 5. HP: 28/28 MP: 3/8
  2987 | D:6      | Learned a level 3 spell: Call Canine Familiar
  3047 | D:5      | Entered Level 5 of the Dungeon
  3053 | D:5      | Found a glowing silver altar of Zin.
  3259 | D:5      | Reached skill level 6 in Stealth
  3262 | D:5      | Noticed a water moccasin
  3343 | D:4      | Noticed a black bear
  3350 | D:4      | Killed a black bear
  3351 | D:4      | Reached skill level 7 in Stealth
  3351 | D:4      | Reached XP level 6. HP: 16/33 MP: 3/9
  3590 | D:4      | Noticed Edmund
  3603 | D:4      | Killed Edmund
  3604 | D:4      | Reached XP level 7. HP: 26/37 MP: 6/11
  3699 | D:4      | Reached skill level 8 in Stealth
  4387 | D:5      | Reached skill level 1 in Fighting
  4423 | D:5      | Killed a water moccasin
  4424 | D:5      | Reached skill level 9 in Stealth
  4424 | D:5      | Reached skill level 5 in Summonings
  4424 | D:5      | Reached XP level 8. HP: 30/43 MP: 6/13
  4891 | D:5      | Found a burning altar of Makhleb.
  4942 | D:5      | Found an iron altar of Okawaru.
  5561 | D:6      | Found a sacrificial altar of Ru.
  5686 | D:6      | Reached skill level 10 in Stealth
  5866 | D:6      | Reached skill level 5 in Short Blades
  6285 | D:7      | Found a staircase to the Ecumenical Temple.
  6296 | Temple   | Entered the Ecumenical Temple
  6615 | Temple   | Became a worshipper of Dithmenos the Shadowed
  6670 | D:7      | Reached XP level 9. HP: 48/48 MP: 5/14
  6694 | D:7      | Reached skill level 11 in Stealth
  6913 | D:7      | Noticed a hornet
  6917 | D:7      | Killed a hornet
  7436 | D:7      | Reached skill level 12 in Stealth
  7461 | D:7      | Reached * piety under Dithmenos
  8002 | D:7      | Found a bloodstained altar of Trog.
  8092 | D:8      | Learned a level 4 spell: Summon Lightning Spire
  8129 | D:8      | Reached skill level 5 in Dodging
  8322 | D:8      | Identified the ring of the Firefly {rC++ Will+ EV+4 Str-2}
  8337 | D:8      | Reached XP level 10. HP: 56/56 MP: 17/17
  8391 | D:8      | Reached skill level 13 in Stealth
  8494 | D:8      | Noticed Amaemon
  8494 | D:8      | Noticed an orange demon
  8558 | D:8      | Found a staircase to the Lair.
  8782 | D:9      | Reached skill level 14 in Stealth
  9161 | D:9      | Reached skill level 5 in Spellcasting
  9352 | D:9      | Found Tishpak's Dragon-Slaying Spoils.
  9398 | D:10     | Entered Level 10 of the Dungeon
  9451 | D:10     | Found a shimmering altar of Xom.
  9451 | D:10     | Found a shimmering altar of Xom.
  9454 | D:10     | Found a shimmering altar of Xom.
  9454 | D:10     | Found a shimmering altar of Xom.
  9455 | D:10     | Found a shimmering altar of Xom.
 10145 | D:9      | Reached skill level 15 in Stealth
 10449 | D:10     | Found a shimmering altar of Xom.
 10450 | D:10     | Found a shimmering altar of Xom.
 10575 | D:10     | Noticed a kobold demonologist
 10577 | D:10     | Reached ** piety under Dithmenos
 10585 | D:10     | Killed a kobold demonologist
 10593 | D:10     | Reached XP level 11. HP: 53/60 MP: 17/19
 11051 | D:10     | Found a staircase to the Orcish Mines.
 11413 | D:11     | Identified the ring of Fipluali {Str+6 Int+4}
 11651 | D:11     | Noticed a cyclops
 11682 | D:11     | Noticed a two-headed ogre
 11685 | D:11     | Killed a two-headed ogre
 11885 | D:11     | Found Gusch's Tremendous Tomes.
 12088 | D:11     | Reached *** piety under Dithmenos
 12247 | D:11     | Killed a cyclops
 12248 | D:11     | Reached skill level 16 in Stealth
 12248 | D:11     | Reached skill level 1 in Air Magic
 12574 | D:12     | Noticed a deep elf pyromancer
 12577 | D:12     | Found a basalt altar of Yredelemnul.
 12577 | D:12     | Noticed a cyclops
 12578 | D:12     | Killed a deep elf pyromancer
 12582 | D:12     | Noticed a sixfirhy
 13006 | D:12     | Found a runed translucent door.
 13006 | D:12     | Noticed CertainDeath's ghost (journeyman MiMo)
 13070 | D:12     | Noticed Erolcha
 13089 | D:12     | Killed Erolcha
 13090 | D:12     | Reached XP level 12. HP: 68/68 MP: 22/22
 13094 | D:12     | Noticed Psyche
 13110 | D:11     | Killed Psyche
 13141 | D:12     | Noticed Urug
 13159 | D:11     | Reached skill level 5 in Fighting
 13159 | D:11     | Reached skill level 17 in Stealth
 13429 | D:12     | Killed Urug
 13478 | D:12     | Identified the ring of Wishful Thinking {*Corrode rN+++
                  | MP+9 Str-2 Dex+6}
 13768 | D:12     | Noticed Fannar
 14054 | D:13     | Noticed a four-headed hydra
 14058 | D:13     | Killed a four-headed hydra
 14193 | D:13     | Noticed a centaur warrior
 14197 | D:13     | Killed a centaur warrior
 14245 | D:13     | Noticed a five-headed hydra
 14250 | D:13     | Killed a five-headed hydra
 14251 | D:13     | Reached skill level 18 in Stealth
 14393 | D:13     | Noticed a fire crab
 14394 | D:13     | Noticed a boulder beetle
 14397 | D:13     | Killed a fire crab
 14399 | D:13     | Killed a boulder beetle
 14435 | D:13     | Noticed a tengu warrior
 14440 | D:13     | Killed a tengu warrior
 14441 | D:13     | Reached XP level 13. HP: 74/74 MP: 24/24
 14448 | D:13     | Noticed a centaur warrior
 14454 | D:13     | Killed a centaur warrior
 14454 | D:13     | Reached **** piety under Dithmenos
 14455 | D:13     | Reached skill level 19 in Stealth
 14674 | D:14     | Noticed a four-headed hydra
 14677 | D:14     | Killed a four-headed hydra
 14792 | D:14     | Reached skill level 20 in Stealth
 14910 | D:14     | Noticed a centaur warrior
 15088 | D:14     | Reached skill level 10 in Short Blades
 15660 | D:14     | Reached skill level 21 in Stealth
 15725 | D:14     | Killed a centaur warrior
 16004 | D:14     | Noticed a centaur warrior
 16021 | D:14     | Killed a centaur warrior
 16252 | D:14     | Noticed a vault guard
 16269 | D:14     | Noticed a vault guard
 16329 | D:14     | Slain by a vault guard

Illustrated notes

Levels and vault maps discovered:
D:1:      matt_arrival_los_fun, layout_basic
D:2:      layout_basic
D:3:      layout_rooms
D:4:      cheibrodos_quashed, layout_cave_pods, uniq_edmund
D:5:      layout_loops_corners, nicolae_overflow_hidden_temple,
          mainiacjoe_overflow_divided_tiny, st_stairs_10, due_unseen_surprise
D:6:      layout_basic, nicolae_ru_sacrificial_ziggurat, hex_intersection
D:7:      layout_gridville, trog_hazing_becter, minmay_temple_entry_mini_moons,
          reono_crystal_passage
D:8:      layout_loops_ring, lair_entry_dummy, uniq_amaemon
D:9:      layout_loops_ring, nicolae_shop_dragon_depot
D:10:     layout_long_grid, xom_shifter_show, david_orc_5
D:11:     layout_roguey, nicolae_shop_i_like_big_books, grunt_ogre_cave,
          grunt_ministairs_6
D:12:     layout_rooms, gammafunk_ghost_grave, yredelemnul_altar_generic,
          uniq_urug, uniq_erolcha, uniq_psyche, uniq_fannar
D:13:     layout_cave_pools, grunt_potential
D:14:     layout_gridville, grunt_vaults_entry_fortified,
          minmay_misc_feat_pillars
Temple:   nicolae_temple_bog_church

Skill      XL: |  1  2  3  4  5  6  7  8  9 10 11 12 13 |
---------------+----------------------------------------+-----
Stealth        | 3 4 5 7 9 10 12 15 16 18 21 | 21.4
Short Blades   | 1 2 4 5 6 7 9 10 | 10.3
Spellcasting   | 3 4 5 7 8 |  8.2
Dodging        | 3 4 5 7 8 |  8.4
Fighting       | 1 2 3 4 5 6 |  6.0
Summonings     | 5 6 7 8 |  8.5
Air Magic      | 1 |  1.8

Action                   |  1- 3 |  4- 6 |  7- 9 | 10-12 | 13-15 || total
-------------------------+-------+-------+-------+-------+-------++-------
Melee: Short sword       |    74 |    53 |   297 |   560 |   156 ||  1140
       Unarmed           |     1 |       |       |       |       ||     1
       Punch             |       |     1 |     5 |     8 |     5 ||    19
 Cast: Summon Small Mamm |    10 |     2 |     3 |     4 |       ||    19
       Call Imp          |     3 |     5 |     5 |    12 |     3 ||    28
       Call Canine Famil |       |     3 |    14 |    28 |     7 ||    52
       Summon Lightning  |       |       |       |     8 |     2 ||    10
  Use: Scroll            |     2 |     7 |     6 |     9 |     3 ||    27
       Potion            |       |       |       |     1 |     1 ||     2
 Stab: Sleeping          |    16 |    12 |    32 |    41 |    18 ||   119
       Distracted        |       |     1 |     2 |     3 |     1 ||     7
Armor: Robe              |     7 |    10 |    54 |    57 |    31 ||   159
Dodge: Dodged            |    74 |    36 |   240 |   421 |   126 ||   897

Table legend: (Time is in decaauts)
 A = Elapsed time spent in this place.
 B = Non-inter-level travel time spent in this place.
 C = Inter-level travel time spent in this place.
 D = Time resting spent in this place.
 E = Time spent auto-exploring this place.
 F = Levels seen in this place.
 G = Mean time per level.
                   A        B        C        D        E       F      G
               +--------+--------+--------+--------+--------+-----+--------+
         Total |  15983 |  15097 |    886 |   2240 |   6323 |  15 | 1065.5 |
       Dungeon |  15622 |  14813 |    809 |   2240 |   6056 |  14 | 1115.9 |
        Temple |    360 |    283 |     77 |      0 |    266 |   1 |  360.0 |
               +--------+--------+--------+--------+--------+-----+--------+

Top non-repeatable levels by time:
    D:14: 1771 daAuts
    D:10: 1558 daAuts
     D:7: 1427 daAuts
     D:5: 1356 daAuts
    D:11: 1333 daAuts
     D:1: 1186 daAuts
     D:9: 1157 daAuts
     D:6: 1126 daAuts
    D:12: 1100 daAuts
     D:2: 1006 daAuts
     D:4: 980 daAuts
     D:3: 575 daAuts
    D:13: 526 daAuts
     D:8: 514 daAuts
  Temple: 360 daAuts
